 Dungeon Crawl Stone Soup version 0.24.0-123-gd5b16e6ec5 (webtiles) character file.

Game seed: 4646593647076169327, levelgen mode: deterministic

23437 eccles the Cleaver (level 12, -1/96 HPs)
             Began as a Demonspawn Berserker on Jan 8, 2020.
             Was a High Priest of Trog.
             Slain by a sixfirhy (12 damage)
             ... on level 1 of the Abyss on Jan 9, 2020.
             The game lasted 01:18:49 (13013 turns).

eccles the Cleaver (Demonspawn Berserker)          Turns: 13013, Time: 01:18:49

Health: -1/96      AC: 27    Str: 27    XL:     12   Next: 71%
Magic:  12/12      EV:  7    Int:  9    God:    Trog [*****.]
Gold:   739        SH: 10    Dex: 13    Spells: 11/11 levels left

rFire    + . .     SeeInvis .   r - +2 war axe (elec)
rCold    + + .     Gourm    .   F - +0 shield
rNeg     . . .     Faith    .   O - +0 plate armour (curse)
rPois    .         Spirit   .   (helmet restricted)
rElec    .         Reflect  .   y - +0 cloak
rCorr    .         Harm     .   (no gloves)
MR       .....                  (no boots)
Stlth    ..........             N - amulet of magic regeneration
HPRegen  0.26/turn              q - ring of protection from cold
MPRegen  0.38/turn              S - +5 ring of strength

@: sanguine armour
A: horns 1, talons 2, cold resistance 1, demonic guardian 1, fire resistance 1,
ignite blood, flame cloud immunity, sanguine armour 3
a: Berserk, Trog's Hand, Brothers in Arms, Renounce Religion


You were on level 1 of the Abyss.
You worshipped Trog.
Trog was extremely pleased with you.
You were hungry.

You visited 1 branch of the dungeon, and saw 13 of its levels.
You visited the Abyss 1 time.

You collected 772 gold pieces.
You spent 33 gold pieces at shops.

Inventory:

Hand Weapons
 b - a +2 battleaxe of electrocution
 h - a +3 flail of protection
 r - a +2 war axe of electrocution (weapon)
 A - a cursed -2 hand axe
 E - a +0 arbalest
Missiles
 g - 452 stones
 j - 102 bolts
 w - 35 poisoned darts (quivered)
 C - 208 arrows
 J - 89 sling bullets
Armour
 y - a +0 cloak (worn)
 F - a +0 shield (worn)
 O - a cursed +0 plate armour (worn)
Jewellery
 l - an uncursed amulet of harm
 q - a ring of protection from cold (left hand)
 u - an uncursed ring of flight
 D - a +2 ring of evasion
 N - an amulet of magic regeneration (around neck)
 P - a +2 ring of intelligence
 S - a +5 ring of strength (right hand)
Wands
 p - a wand of disintegration (7)
 v - a wand of enslavement (4)
 x - a wand of acid (5)
 M - a wand of polymorph (8)
 R - a wand of digging (10)
 U - a wand of paralysis (6)
 X - a wand of flame (19)
Scrolls
 d - 6 scrolls of teleportation
 f - 2 scrolls of vulnerability
 i - a scroll of identify
 k - 4 scrolls of remove curse
 n - 3 scrolls of immolation
 Y - a scroll of fear
Potions
 e - 2 potions of magic
 o - 6 potions of flight
 s - a potion of haste
 t - 3 potions of brilliance
 z - a potion of agility
 B - 2 potions of lignification
 G - a potion of ambrosia
 I - 2 potions of resistance
 K - 2 potions of invisibility
 V - a potion of berserk rage
 W - 8 potions of curing
 Z - a potion of cancellation {unknown}
Comestibles
 c - 27 rations


   Skills:
 * Level 9.4 Fighting
 * Level 13.6 Axes
 + Level 2.2 Throwing
 * Level 9.5 Armour
 + Level 4.0 Dodging
 + Level 2.9 Stealth
 + Level 4.8 Shields


You had 11 spell levels left.
You didn't know any spells.
Your spell library was empty.

Dungeon Overview and Level Annotations

Branches:
Dungeon (13/15)            Temple (0/1) D:5            Lair (0/6) D:10
    Orc (0/2) D:10
 Vaults: D:13-14

Altars:
Ashenzari
Cheibriados
Dithmenos
Elyvilon
Fedhas
Hepliaklqana
Nemelex Xobeh
Okawaru
Qazlal
Ru
Sif Muna
Trog
Vehumet
Xom
Zin
The Shining One
Beogh

Shops:
D:6 [   D:9 *

Annotations:
D:7 2 transporters, TheNamelessOne's ghost, novice OpFE
D:11 2 transporters, Onakli's ghost, journeyman DsFi
D:13 Sonja


Innate Abilities, Weirdness & Mutations

You have razor-sharp toenails.
A weak demonic guardian rushes to your aid.
Your flesh is heat resistant. (rF+)
Your demonic aura causes spilled blood to erupt in flames.
You are immune to clouds of flame.
When seriously injured, your bleeding wounds create very thick armour. (AC +12)
You have a pair of small horns on your head.
Your flesh is cold resistant. (rC+)


Message History

Your quasit barely misses the sixfirhy.
You swap places.
Your quasit closely misses the sixfirhy.
Your quasit misses the sixfirhy. x4
Your quasit closely misses the sixfirhy.
The sixfirhy hits your white imp! The sixfirhy shocks your white imp!
Your white imp dies!
The sixfirhy hits you.
* * * LOW HITPOINT WARNING * * *
The sixfirhy shocks you!
* * * LOW HITPOINT WARNING * * *
The sixfirhy hits you but does no damage.
Your ufetubus misses the sixfirhy.
Your ufetubus closely misses the sixfirhy.
The sixfirhy hits you but does no damage.
A small abomination comes into view.
The sixfirhy hits you.
* * * LOW HITPOINT WARNING * * *
The sixfirhy shocks you!
You die...

. # #... .## .. .# # #
#.. #####.# #. .# ##.
##.#.. #. ### #..##.#.#
.# #.###.#....5.###.#
..... ##.#5...# #
##......#.###...##.##...
.##... .## #..3@.......
.#..#### #.#.##5##...
#.##.. ###... .. #....##
.#.## ... ###### .# .#
#.. .. .# # x. .. #.. ##


You could see a sixfirhy, a small abomination, 2 friendly quasits and a friendly
ufetubus.

Vanquished Creatures
  Rupert (D:13)
  A centaur warrior (D:13)
  5 two-headed ogres
  An unseen horror (shapeshifter) (Abyss:1)
  An unseen horror (D:11)
  Pikel (D:9)
  An ugly thing (D:12)
  Maurice (D:10)
  A komodo dragon (D:11)
  An ice devil (Abyss:1)
  2 tengu conjurers
  3 trolls
  A raiju (Abyss:1)
  A hippogriff (D:10)
  Sigmund (D:4)
  2 wyverns
  30 yaks
  6 humans (D:10)
  2 vampire mosquitoes (D:11)
  Menkaure (D:7)
  A catoblepas simulacrum (Abyss:1)
  Edmund (D:4)
  A soldier ant (D:10)
  2 water moccasins (D:11)
  Duvessa (D:7)
  4 orc warriors
  2 ice beasts
  2 sky beasts
  2 black bears
  3 slaves (D:9)
  3 phantoms
  5 centaurs
  6 ogres
  3 crocodiles
  Blork the orc (D:5)
  5 bullfrogs
  A gnoll sergeant (D:9)
  7 scorpions
  Dowan (D:7)
  24 killer bees
  2 wights (D:9)
  4 howler monkeys
  2 bullfrog zombies
  7 crimson imps
  2 quasits (D:11)
  5 hounds
  Crazy Yiuf (D:4)
  2 jellies
  6 orc priests
  A bullfrog skeleton (D:12)
  8 orc wizards
  4 centaur skeletons
  2 iguanas
  8 worker ants
  A hound skeleton (D:4)
  A worker ant zombie (D:7)
  11 adders
  3 shadow imps
  3 oozes
  4 worms
  4 adder skeletons
  3 dart slugs
  6 leopard geckos
  47 orcs
  4 ball pythons
  11 bats
  4 giant cockroaches (D:1)
  6 hobgoblins
  15 jackals
  6 quokkas
  9 frilled lizards
  7 goblins
  9 kobolds
  A quokka skeleton (D:6)
  7 rats
354 creatures vanquished.

Vanquished Creatures (collateral kills)
  An ugly thing (D:11)
  2 yaks
  A water moccasin (D:8)
  A black bear (D:6)
  An ogre (D:10)
  A centaur (D:7)
  A wight (D:9)
  2 killer bees
  A jelly (D:10)
  2 orc wizards
  2 adders
  An orc (D:4)
  2 jackals
18 creatures vanquished.

Grand Total: 372 creatures vanquished

Notes
Turn   | Place    | Note
-------+----------+-------------------------------------------
     0 | D:1      | eccles the Demonspawn Berserker began the quest for the
                  | Orb.
     0 | D:1      | Reached XP level 1. HP: 18/18 MP: 1/1
   154 | D:1      | Found a shattered altar of Ashenzari.
   201 | D:1      | Gained mutation: You have sharp toenails. [demonic
                  | ancestry]
   201 | D:1      | Reached XP level 2. HP: 19/24 MP: 2/2
   567 | D:1      | Reached skill level 3 in Axes
   593 | D:1      | Reached ** piety under Trog
   594 | D:1      | Gained mutation: Your flesh is heat resistant. (rF+)
                  | [demonic ancestry]
   594 | D:1      | Reached XP level 3. HP: 29/29 MP: 3/3
  1811 | D:3      | Gained mutation: Scrolls take you a little longer to read.
                  | [potion of mutation]
  1811 | D:3      | Gained mutation: Your flesh is cold resistant. (rC+)
                  | [potion of mutation]
  1811 | D:3      | Gained mutation: You evolve. [potion of mutation]
  1811 | D:3      | Gained mutation: You have a pair of small horns on your
                  | head. [potion of mutation]
  1811 | D:3      | HP: 1/30 [poisoned by an adder]
  1815 | D:3      | Gained mutation: A weak demonic guardian rushes to your
                  | aid. [demonic ancestry]
  1815 | D:3      | Reached XP level 4. HP: 5/37 MP: 4/4
  2127 | D:3      | Lost mutation: Scrolls take you a little longer to read.
                  | [evolution]
  2182 | D:3      | Found a glowing silver altar of Zin.
  2190 | D:3      | Reached *** piety under Trog
  2595 | D:3      | Found a faded altar of an unknown god.
  2841 | D:3      | Found a shimmering altar of Xom.
  2845 | D:3      | Found a hazy altar of Hepliaklqana.
  2845 | D:3      | Noticed a hell beast
  2849 | D:3      | Noticed a spectral ugly thing
  2849 | D:3      | Noticed a hell beast
  3326 | D:4      | Found a snail-covered altar of Cheibriados.
  3328 | D:4      | Gained mutation: You are immune to clouds of flame.
                  | [demonic ancestry]
  3328 | D:4      | Reached XP level 5. HP: 28/42 MP: 5/5
  3526 | D:4      | Found a stormy altar of Qazlal.
  3556 | D:4      | Found a shimmering blue altar of Sif Muna.
  3568 | D:4      | Reached skill level 4 in Axes
  3940 | D:4      | Lost mutation: You evolve. [evolution]
  4062 | D:4      | Found a radiant altar of Vehumet.
  4087 | D:4      | Noticed Edmund
  4107 | D:4      | Killed Edmund
  4107 | D:4      | Reached skill level 1 in Throwing
  4107 | D:4      | Reached skill level 1 in Stealth
  4107 | D:4      | Gained mutation: Your demonic aura causes spilled blood to
                  | erupt in flames. [demonic ancestry]
  4107 | D:4      | Reached XP level 6. HP: 48/48 MP: 6/6
  4148 | D:4      | Found a runed translucent door.
  4222 | D:4      | Noticed Crazy Yiuf
  4230 | D:4      | Killed Crazy Yiuf
  4279 | D:4      | Found a glowing golden altar of the Shining One.
  4330 | D:4      | Reached skill level 5 in Axes
  4442 | D:4      | Noticed Sigmund
  4444 | D:4      | Gained mutation: You have razor-sharp toenails. [demonic
                  | ancestry]
  4444 | D:4      | Reached XP level 7. HP: 50/55 MP: 7/7
  4457 | D:4      | Killed Sigmund
  4457 | D:4      | Reached **** piety under Trog
  4498 | D:5      | Entered Level 5 of the Dungeon
  4570 | D:5      | Noticed Blork the orc
  4576 | D:5      | Killed Blork the orc
  4604 | D:5      | Reached skill level 6 in Axes
  4918 | D:5      | Gained mutation: When seriously injured, your bleeding
                  | wounds create armour. (AC +12) [demonic ancestry]
  4918 | D:5      | Reached XP level 8. HP: 61/61 MP: 8/8
  4985 | D:5      | Found a sparkling altar of Nemelex Xobeh.
  5028 | D:5      | Found a staircase to the Ecumenical Temple.
  5240 | D:5      | Reached skill level 5 in Fighting
  5484 | D:6      | Found Watryxt's Antique Armour Shop.
  5569 | D:6      | Received a gift from Trog
  5579 | D:6      | Found a bloodstained altar of Trog.
  5610 | D:6      | Found a blossoming altar of Fedhas.
  5752 | D:6      | Found a snail-covered altar of Cheibriados.
  5908 | D:6      | Reached skill level 7 in Axes
  6325 | D:7      | Received a gift from Trog
  6340 | D:7      | Noticed Dowan
  6349 | D:7      | Killed Dowan
  6390 | D:7      | Found a white marble altar of Elyvilon.
  6392 | D:7      | Noticed Duvessa
  6399 | D:7      | Killed Duvessa
  6411 | D:7      | Noticed Menkaure
  6420 | D:7      | Killed Menkaure
  6420 | D:7      | Reached XP level 9. HP: 69/69 MP: 9/9
  6510 | D:7      | Reached skill level 8 in Axes
  6535 | D:7      | Reached skill level 5 in Armour
  6548 | D:7      | Noticed TheNamelessOne's ghost (novice OpFE)
  6595 | D:7      | Found a transporter.
  6597 | D:7      | Found a transporter.
  6603 | D:7      | Noticed a queen bee
  6779 | D:7      | Reached skill level 1 in Shields
  6802 | D:7      | Received a gift from Trog
  7804 | D:8      | Found a sacrificial altar of Ru.
  7931 | D:8      | Reached skill level 9 in Axes
  7983 | D:8      | Found a sparkling altar of Nemelex Xobeh.
  8036 | D:8      | Noticed a two-headed ogre
  8043 | D:8      | Killed a two-headed ogre
  8043 | D:8      | Gained mutation: When seriously injured, your bleeding
                  | wounds create thick armour. (AC +12) [demonic ancestry]
  8043 | D:8      | Reached XP level 10. HP: 56/77 MP: 10/10
  8120 | D:9      | Reached skill level 10 in Axes
  8431 | D:9      | Noticed Pikel
  8438 | D:9      | Killed Pikel
  8533 | D:9      | Found a shadowy altar of Dithmenos.
  8576 | D:9      | Reached ***** piety under Trog
  8956 | D:9      | Noticed a two-headed ogre
  8961 | D:9      | Killed a two-headed ogre
  8961 | D:9      | Found Huziupp's General Store.
  8976 | D:9      | Bought a potion of curing for 33 gold pieces
  9116 | D:10     | Entered Level 10 of the Dungeon
  9343 | D:10     | Found a staircase to the Orcish Mines.
  9360 | D:10     | Found a staircase to the Lair.
  9362 | D:10     | Noticed Maurice
  9368 | D:10     | Reached skill level 11 in Axes
  9370 | D:10     | Reached XP level 11. HP: 80/84 MP: 11/11
  9377 | D:10     | Killed Maurice
  9428 | D:10     | Found a roughly hewn altar of Beogh.
  9638 | D:10     | Received a gift from Trog
  9800 | D:10     | Noticed a two-headed ogre
  9804 | D:10     | Killed a two-headed ogre
  9866 | D:11     | Found an iron altar of Okawaru.
 10457 | D:11     | Reached skill level 12 in Axes
 10645 | D:11     | Killed an unseen horror
 10722 | D:11     | Noticed a green ugly thing
 10729 | D:11     | Killed a green ugly thing
 10902 | D:11     | Noticed a deep elf mage
 10905 | D:11     | Noticed a hell knight
 10911 | D:11     | Noticed Onakli's ghost (journeyman DsFi)
 10960 | D:11     | Noticed a wizard
 10963 | D:11     | Found a transporter.
 10966 | D:11     | Found a transporter.
 11172 | D:12     | Noticed a two-headed ogre
 11179 | D:12     | Killed a two-headed ogre
 11197 | D:12     | Gained mutation: When seriously injured, your bleeding
                  | wounds create very thick armour. (AC +12) [demonic
                  | ancestry]
 11197 | D:12     | Reached XP level 12. HP: 86/94 MP: 12/12
 11206 | D:12     | Received a gift from Trog
 11522 | D:12     | Noticed a two-headed ogre
 11533 | D:12     | Killed a two-headed ogre
 11973 | D:12     | Reached skill level 13 in Axes
 12415 | D:13     | Noticed Rupert
 12435 | D:13     | Killed Rupert
 12475 | D:13     | Noticed a centaur warrior
 12479 | D:13     | Killed a centaur warrior
 12482 | D:13     | Noticed Sonja
 12508 | D:13     | HP: 4/95 [poisoned by Sonja (curare-tipped dart)]
 12864 | D:13     | Cast into level 1 of the Abyss (Sonja)
 13013 | Abyss:1  | Slain by a sixfirhy

Levels and vault maps discovered:
D:1:      lemuel_arrival_rhombus, layout_basic, chequers_serial_rivers_micro_e,
          ashenzari_altar_1
D:2:      layout_loops_ring, serial_forest, infiniplex_forest_split,
          infiniplex_forest_straight_1, infiniplex_forest_clump_large,
          infiniplex_forest_straight_5, infiniplex_forest_clump_small,
          infiniplex_forest_clump_tiny
D:3:      layout_loops_ring, regret_index_temple_of_mockery,
          nicolae_overflow_crystal_walls, first_ration,
          chequers_ecumenical_altar_simple
D:4:      layout_basic, lemuel_crystal_altar, grunt_temple_overflow_open,
          nicolae_tso_carved_into_rock, uniq_crazy_yiuf_cottage, uniq_sigmund,
          uniq_edmund
D:5:      layout_loops_ring, temple_pool_b, corner_web_ring,
          nemelex_diamond_rough_becter, uniq_blork_the_orc
D:6:      layout_basic, lemuel_crystal_altar, trog_ov_bears_minmay,
          serial_shops, nicolae_shop_overgrown_old_shop, kennysheep_slug_shrine
D:7:      layout_basic, gammafunk_ghost_hive, basic_altar, uniq_duvessa,
          uniq_menkaure
D:8:      layout_basic, nemelex_xobeh_ov_fountains_minmay, kennysheep_mini_moat
D:9:      minmay_angry_zag, layout_cave_pods, nicolae_dithmenos_shadow_blocks,
          serial_glass, glass_columns_a, glass_columns_b, serial_shops,
          kennysheep_little_box, chequers_serial_rivers_room_a, uniq_pikel
D:10:     layout_roguey, david_lair_generic, minmay_orc_entry_temple_small,
          corexii_checkpoint_a, minmay_ruffians, uniq_maurice
D:11:     layout_irregular_city, basic_altar, gammafunk_ghost_arena,
          grunt_tengu_nest
D:12:     layout_basic
D:13:     layout_long_grid, grunt_vaults_entry_tiered, st_stairs_9, uniq_rupert,
          uniq_snorg, uniq_sonja
Abyss:1:  base:
D:2

Skill      XL: |  1  2  3  4  5  6  7  8  9 10 11 12 |
---------------+-------------------------------------+-----
Axes           | 3 4 5 6 7 9 11 12 13 | 13.6
Dodging        | 2 3 4 |  4.0
Armour         | 2 3 4 6 7 8 9 |  9.5
Fighting       | 4 5 6 7 8 9 |  9.4
Throwing       | 1 2 |  2.2
Stealth        | 1 2 |  2.9
Shields        | 2 3 4 |  4.8

Action                   |  1- 3 |  4- 6 |  7- 9 | 10-12 || total
-------------------------+-------+-------+-------+-------++-------
Melee: Hand axe          |   146 |   121 |    26 |       ||   293
       Kick              |    37 |    37 |    65 |   152 ||   291
       Headbutt          |       |    28 |    54 |    85 ||   167
       War axe           |       |       |   224 |   406 ||   630
Throw: Dart              |    15 |    13 |    13 |     4 ||    45
       Stone             |       |     3 |       |       ||     3
Invok: Berserk           |     1 |     2 |     2 |     3 ||     8
Evoke: Wand              |       |     1 |       |     3 ||     4
  Use: Potion            |     2 |       |       |     4 ||     6
       Scroll            |       |     8 |    11 |     7 ||    26
 Stab: Sleeping          |     2 |       |       |       ||     2
       Distracted        |       |       |     2 |     3 ||     5
  Eat: Chunk             |     3 |    10 |     9 |    14 ||    36
       Ration            |       |       |     1 |     2 ||     3
Armor: Animal skin       |    40 |     4 |       |       ||    44
       Leather armour    |       |     5 |       |       ||     5
       Ring mail         |       |    10 |    36 |       ||    46
       Chain mail        |       |       |    54 |       ||    54
       Plate armour      |       |       |    27 |   214 ||   241
Dodge: Dodged            |   140 |    71 |    92 |   107 ||   410
Block: Shield            |       |       |    84 |   221 ||   305
